 Dungeon Crawl Stone Soup version 0.22-a0-567-gff9aefc (webtiles) character file.

49 Hebeh the Covered (level 3, -12/33 HPs)
             Began as a Minotaur Fighter on June 29, 2018.
             Killed by nerve-wracking pain
             ... invoked by Jessica
              (14 damage)
             ... on level 2 of the Dungeon.
             The game lasted 00:03:00 (950 turns).

Hebeh the Covered (Minotaur Fighter)                 Turns: 950, Time: 00:03:01

Health: -12/33     AC:  7    Str: 27    XL:     3   Next: 51%
Magic:  2/2        EV:  5    Int:  5    God:
Gold:   78         SH: 15    Dex:  9    Spells: 2/2 levels left

rFire    . . .     SeeInvis .   a - +0 war axe
rCold    . . .     Gourm    .   l - +0 large shield
rNeg     . . .     Faith    .   b - +0 scale mail
rPois    .         Spirit   .   (helmet restricted)
rElec    .         Reflect  .   (no cloak)
rCorr    .         Harm     .   (no gloves)
MR       .....                  (no boots)
Stlth    ..........             (no amulet)
HPRegen  0.11/turn              j - +6 ring of strength
MPRegen  0.08/turn              (no ring)

@: no status effects
A: retaliatory headbutt, horns 2
a: no special abilities


You were on level 2 of the Dungeon.
You were not hungry.

You visited 1 branch of the dungeon, and saw 2 of its levels.

You collected 78 gold pieces.

Inventory:

Hand Weapons
 a - a +0 war axe (weapon)
Armour
 b - a +0 scale mail (worn)
 c - a +0 shield
 l - a +0 large shield (worn)
Jewellery
 j - a +6 ring of strength (left hand)
Scrolls
 e - 3 scrolls of random uselessness {unknown}
 h - a scroll of fear {unknown}
 k - a scroll of remove curse {unknown}
 n - a scroll of identify {unknown}
Potions
 d - a potion of might
 i - a potion of curing {unknown}
 m - a potion of degeneration {unknown}
Comestibles
 f - 4 rations
 g - 4 chunks of flesh


   Skills:
 + Level 4.1 Fighting
 * Level 3.5 Axes
 + Level 4.1 Armour
 + Level 4.0 Shields


You had 2 spell levels left.
You didn't know any spells.
Your spell library was empty.

Dungeon Overview and Level Annotations

Branches:
Dungeon (2/15)

Altars:

Annotations:
D:2 Jessica


Innate Abilities, Weirdness & Mutations

You reflexively headbutt those who attack you in melee.
You have a pair of horns on your head.


Message History

You are too injured to fight recklessly!
You hit Jessica. Your headbutt misses Jessica.
Jessica is almost dead.
You block Jessica's attack.
You hit Jessica but do no damage.
Jessica is almost dead.
Jessica casts a spell.
Jessica blinks!
Jessica casts a spell.
Jessica seems to speed up.
You are too injured to fight recklessly!
Found a stone staircase leading down.
Items here: ( )) † an uncursed club; an uncursed hunting sling; 15 stones; a goblin corpse Jessica points at you and mumbles some strange words.
Pain shoots through your body!
* * * LOW HITPOINT WARNING * * *
Jessica points at you and mumbles some strange words.
Pain shoots through your body!
You die...

##'## #<# ## #.# #.# ..
#.# #.# #. ##.## #.# #
#. ##...## #.#
#.###.###.....#######.#
>......###............#
#...####.###########
#..@)†(..#
#..@....####.#
#.#####.# #.# ..# #.#
#### #.# #.. #.. ..


You could see Jessica.

Vanquished Creatures
  An adder (D:2)
  An ooze (D:1)
  A dart slug (D:1)
  3 leopard geckos
  A giant cockroach (D:1)
  3 goblins
  4 hobgoblins
  3 jackals (D:1)
  3 ball pythons
  3 bats (D:1)
  A frilled lizard (D:1)
  3 kobolds (D:1)
  5 rats (D:1)
32 creatures vanquished.

Notes
Turn   | Place    | Note
-------+----------+-------------------------------------------
     0 | D:1      | Hebeh the Minotaur Fighter began the quest for the Orb.
     0 | D:1      | Reached XP level 1. HP: 19/19 MP: 0/0
    74 | D:1      | Reached XP level 2. HP: 22/27 MP: 1/1
   578 | D:1      | Reached XP level 3. HP: 33/33 MP: 2/2
   938 | D:2      | Noticed Jessica
   950 | D:2      | Killed from afar by Jessica

Vault maps used:
D:1:      ncdulo_smallfort, minmay_tree_intersection, minivault_25
D:2:      uniq_jessica, uniq_crazy_yiuf_cottage, uniq_natasha

Skill      XL: |  1  2  3 |
---------------+----------+-----
Axes           | 3 |  3.5
Fighting       | 4 |  4.1
Armour         | 4 |  4.1
Shields        | 4 |  4.0

Action                   || total
-------------------------++-------
Melee: War axe           ||    74
       Headbutt          ||     7
Armor: Scale mail        ||    29
Dodge: Dodged            ||    18
Block: Shield            ||    27
       Large shield      ||    19

Table legend:
 A = Spawn XP
 B = Non-spawn XP
 C = Spawn XP percentage of total XP
 D = Spawn monster count
 E = Non-spawn monster count
 F = Spawn count percentage of total count
 G = Total turns spent on level
                    A         B        C        D         E        F      G
               +---------+---------+-------+---------+---------+-------+---------
         Total |       0 |      70 |   0.0 |       0 |      32 |   0.0 |   950
               +---------+---------+-------+---------+---------+-------+---------
           D:1 |       0 |      47 |   0.0 |       0 |      26 |   0.0 |   826
           D:2 |       0 |      23 |   0.0 |       0 |       6 |   0.0 |   124
               +---------+---------+-------+---------+---------+-------+---------
